 Dungeon Crawl Stone Soup version 0.29.1-2-gbd0b4ee654 (webtiles) character file.

Game seed: 6802621553507377185

152 Tirrikindir the Trooper (level 5, -3/37 HPs)
             Began as an Octopode Fighter on Oct 24, 2022.
             Was an Initiate of Makhleb.
             Slain by an ice beast (12 damage)
             ... on level 3 of the Dungeon.
             The game lasted 00:07:44 (3780 turns).

Tirrikindir the Trooper (Octopode Fighter)          Turns: 3780, Time: 00:07:45

Health: -3/37      AC:  1    Str: 15    XL:     5   Next: 34%
Magic:  0/5        EV: 14    Int: 10    God:    Makhleb [......]
Gold:   217        SH:  5    Dex: 14    Spells: 4/4 levels left

rFire   . . .      SeeInvis .   a - +0 flail
rCold   . . .      Faith    .   b - +0 buckler
rNeg    . . .      Spirit   +   (helmet restricted)
rPois   .          Reflect  .   r - amulet of guardian spirit
rElec   .          Harm     .   (no ring)
rCorr   .          Rampage  .   (no ring)
Will    .....                   (no ring)
Stlth   +++.......              (no ring)
HPRegen 0.12/turn               (no ring)
MPRegen 0.09/turn               (no ring)
                                (no ring)
                                (no ring)

@: mighty
A: almost no armour, amphibious, 8 rings, camouflage 1, gelatinous body 1,
(nimble swimmer 1), tentacles
a: Renounce Religion


You were on level 3 of the Dungeon.
You worshipped Makhleb.
Makhleb was noncommittal.
You visited 1 branch of the dungeon, and saw 4 of its levels.

You collected 227 gold pieces.
You spent 10 gold pieces at shops.

Inventory:

Hand Weapons
 a - a +0 flail (weapon)
Missiles
 e - 6 boomerangs (quivered)
Armour
 b - a +0 buckler (worn)
Jewellery
 p - a ring of fire
 r - an amulet of guardian spirit (around mantle)
Scrolls
 g - a scroll of immolation
 h - a scroll of poison
 i - 2 scrolls of teleportation
 j - a scroll of summoning {unknown}
 k - a scroll of amnesia {unknown}
 l - a scroll of torment {unknown}
 n - a scroll of vulnerability {unknown}
 o - a scroll of fog {unknown}
 q - a scroll of silence {unknown}
Potions
 d - a potion of curing
 f - a potion of berserk rage {unknown}
 m - a potion of flight {unknown}


   Skills:
 * Level 4.3 Fighting
 - Level 2.0 Maces & Flails
 + Level 3.7 Dodging
 + Level 2.7 Stealth
 + Level 3.6 Shields
 + Level 0.6 Invocations


You had 4 spell levels left.
You didn't know any spells.
Your spell library contained the following spells:

 Spells                   Type           Power      Damage    Failure   Level
 Shock                    Conj/Air       0%         1d3       45%         1
 Conjure Flame            Conj/Fire      0%         6-21      83%         3
 Ignite Poison            Fire/Tmut/Pois 0%         N/A       83%         3
 Swiftness                Air            0%         N/A       83%         3
 Airstrike                Air            0%         2d(0-16)  99%         4
 Sticky Flame             Conj/Fire      0%         2d3       99%         4


Dungeon Overview and Level Annotations

Branches:
Dungeon (4/15)             Temple (0/1) D:4

Altars:
Cheibriados
Makhleb
Yredelemnul

Shops:
D:1 !


Innate Abilities, Weirdness & Mutations

You cannot wear most types of armour.
You are amphibious.
You can wear up to eight rings at the same time.
Your skin changes colour to match your surroundings (Stealth+).
Your rubbery body absorbs attacks. (AC +1, EV +1)
((You are camouflaged when in or above water. (Stealth+)))
You have tentacles for arms and can constrict up to eight enemies at once.


Message History

You now have 205 gold pieces (gained 7).
r - an amulet of guardian spirit You start putting on your amulet.
You continue putting on your amulet of guardian spirit. x5
You finish putting on your amulet of guardian spirit.
You feel your power drawn to a protective spirit.
r - an amulet of guardian spirit (around mantle)
Found 12 gold pieces.
You pick up an Everburning Encyclopedia and begin reading...
You add the spells Conjure Flame, Ignite Poison and Sticky Flame to your library.
Found an escape hatch in the ceiling.
You now have 217 gold pieces (gained 12).
Found a short sword.
There is an escape hatch in the ceiling here.
A mysterious force pulls you upwards. The hatch slams shut behind you.
(D) Dungeon (T) Temple
Where to? (Enter - D:2 @ (x,y), ? - help)
There is a stone staircase leading down here.
You climb downwards.
The orc shouts!
The hobgoblin shouts!
You hear a shout!
The ice beast hits you. The ice beast freezes you!
There is a stone staircase leading up here.
The ice beast closely misses you. The orc hits you with a +0 falchion.
You climb upwards.
There is a stone staircase leading down here.
You closely miss the orc. Your grab misses the orc. The orc barely misses you.
The ice beast closely misses you.
You sock the orc!
You kill the orc!
Makhleb accepts your kill. The ice beast barely misses you.
The ice beast attacks as you move away! The ice beast hits you.
The ice beast freezes you!
Things that are here:
a +0 falchion; an orc corpse You feel very mighty all of a sudden.
The ice beast hits you.
* * * LOW HITPOINT WARNING * * *
The ice beast freezes you!
You die...

..# #.......##.#
### ##########.#
#....# ## ###....##
.#########.......#
........##.......#
.##.....##.......#
.....[..####...####
###.....# #....Y@.#
###....)# #.#.###.#
....##### #.#.###.#
.#### #.#..##.#
...# #.##.##.# .#.#
#.......# ##.#####
####.#### .......#
#.#
##.###.#######.#


You could see an ice beast.

Vanquished Creatures
  An orc priest (D:4)
  3 adders
  4 dart slugs
  9 orcs
  A ball python (D:1)
  9 bats
  8 endoplasms
  3 giant cockroaches
  12 goblins
  6 hobgoblins
  2 jackals (D:1)
  4 frilled lizards
  5 kobolds
  8 rats
75 creatures vanquished.

Notes
Turn   | Place    | Note
-------+----------+-------------------------------------------
     0 | D:1      | Tirrikindir the Octopode Fighter began the quest for the
                  | Orb.
     0 | D:1      | Reached XP level 1. HP: 16/16 MP: 1/1
    60 | D:1      | Reached XP level 2. HP: 18/21 MP: 2/2
   155 | D:1      | Reached skill level 1 in Stealth
   612 | D:1      | Reached XP level 3. HP: 26/26 MP: 3/3
   942 | D:1      | Found Guuttiel's Distillery.
   945 | D:1      | Bought a potion of degeneration for 10 gold pieces
  1479 | D:2      | Reached XP level 4. HP: 28/33 MP: 4/4
  2620 | D:3      | Reached skill level 4 in Fighting
  2957 | D:3      | Found a burning altar of Makhleb.
  2958 | D:3      | Found a basalt altar of Yredelemnul.
  2964 | D:3      | Found a snail-covered altar of Cheibriados.
  2975 | D:3      | Became a worshipper of Makhleb the Destroyer
  3472 | D:3      | Reached XP level 5. HP: 37/37 MP: 5/5
  3595 | D:4      | Found a staircase to the Ecumenical Temple.
  3774 | D:4      | Noticed an ice beast
  3780 | D:3      | Slain by an ice beast

Illustrated notes

Levels and vault maps discovered:
D:1:      wander_arrival_abandoned_jail, layout_loops_corners, serial_shops,
          nicolae_shop_behind_doors
D:2:      layout_basic
D:3:      layout_loops_cross, gammafunk_temple_overflow_forgotten
D:4:      layout_rooms, minmay_temple_entry_offerings, serial_shops, shop,
          uniq_eustachio, uniq_crazy_yiuf_cottage

Skill      XL: |  1  2  3  4 |
---------------+-------------+-----
Stealth        | 1 2 |  2.7
Fighting       | 4 |  4.3
Maces & Flails | |  2.0
Dodging        | |  3.7
Shields        | |  3.6
Invocations    | |  0.6

Action                   |  1- 3 |  4- 6 || total
-------------------------+-------+-------++-------
Melee: Flail             |    72 |    68 ||   140
       Constrict         |    16 |    16 ||    32
       Tentacles         |     9 |    18 ||    27
Throw: Boomerang         |     1 |     3 ||     4
  Use: Scroll            |     1 |     4 ||     5
       Potion            |       |     1 ||     1
 Stab: Sleeping          |     7 |     8 ||    15
Armor: Skin              |     5 |     6 ||    11
Dodge: Dodged            |    55 |    34 ||    89
Block: Buckler           |    16 |    11 ||    27
